 Dungeon Crawl Stone Soup version 0.24.1 (webtiles) character file.

Game seed: 6951082262696974158, levelgen mode: deterministic

18 Chiseanne the Skirmisher (level 2, 0/24 HPs)
             Began as a Mummy Wanderer on Apr 1, 2020.
             Slain by an adder (2 damage)
             ... on level 2 of the Dungeon.
             The game lasted 00:02:09 (1225 turns).

Chiseanne the Skirmisher (Mummy Wanderer)           Turns: 1225, Time: 00:02:10

Health: 0/24       AC:  3    Str: 15    XL:     2   Next: 48%
Magic:  0/3        EV: 12    Int: 10    God:
Gold:   33         SH:  0    Dex: 12    Spells: 2/3 levels left

rFire    x . .     SeeInvis .   a - +0 club
rCold    + . .     Gourm    .   (no shield)
rNeg     + + +     Faith    .   d - +0 robe
rPois    ∞         Spirit   .   f - +1 hat
rElec    .         Reflect  .   (no cloak)
rCorr    .         Harm     .   (no gloves)
MR       .....                  (no boots)
Stlth    +.........             (no amulet)
HPRegen  0.08/turn              (no ring)
MPRegen  0.08/turn              (no ring)

@: very slightly contaminated
A: no food or potions, fire vulnerability, cold resistance 1, negative energy
resistance 3, torment resistance, unbreathing
a: no special abilities


You were on level 2 of the Dungeon.
You were not hungry.

You visited 1 branch of the dungeon, and saw 2 of its levels.

You collected 33 gold pieces.

Inventory:

Hand Weapons
 a - a +0 club (weapon)
Armour
 d - a +0 robe (worn)
 f - a +1 hat (worn)
Jewellery
 b - an uncursed amulet of magic regeneration {unknown}
Scrolls
 c - 3 scrolls of teleportation


   Skills:
 * Level 3.2 Fighting
 - Level 1.0 Throwing
 * Level 1.3 Dodging
 - Level 1.0 Unarmed Combat
 * Level 1.2 Spellcasting
 * Level 0.1 Conjurations
   Level 1.7 Hexes
   Level 1.0 Translocations
 * Level 0.1 Fire Magic
   Level 1.0 Evocations


You had 2 spell levels left.
You knew the following spells:

 Your Spells              Type           Power        Failure   Level  Hunger
a - Flame Tongue          Conj/Fire      #....        32%         1    N/A

Your spell library contained the following spells:

 Spells                   Type           Power        Failure   Level  Hunger
 Corona                   Hex            #......      17%         1    N/A
 Ensorcelled Hibernation  Hex/Ice        #.....       34%         2    N/A
 Confuse                  Hex            #.......     45%         3    N/A
 Tukima's Dance           Hex            #.......     45%         3    N/A
 Dazzling Spray           Conj/Hex       #.....       56%         3    N/A
 Ignite Poison            Fire/Tmut/Pois #.......     69%         3    N/A

Dungeon Overview and Level Annotations

Branches:
Dungeon (2/15)

Altars:


Innate Abilities, Weirdness & Mutations

You do not eat or drink.
Your flesh is vulnerable to fire.
You are immune to poison.
Your flesh is cold resistant. (rC+)
You are immune to negative energy. (rN+++)
You are immune to unholy pain and torment.
You can survive without breathing.


Message History

Aiming: Flame Tongue (safe; 32% risk of failure)
Press: ? - help, Shift-Dir - straight line, f/p - adder
Aim: an adder (almost dead)
The flame tongue misses the adder.
The adder bites you but does no damage. The adder barely misses you.
Casting: Flame Tongue (safe; 32% risk of failure)
Confirm with . or Enter, or press ? or * to list all spells.
You don't have enough magic to cast that spell.
Unknown command.
You hit the adder but do no damage.
The adder is almost dead.
The adder closely misses you.
You barely miss the adder.
The adder is almost dead.
The adder closely misses you. The adder bites you.
* * * LOW HITPOINT WARNING * * *
You barely miss the adder.
The adder is almost dead.
The adder bites you.
You die...

# .# ##+#
#.## #⌠.⌠#
#⌠.⌠#
#...###...#
#..†.S..#
#..@..#
##⌠.⌠##
#####


You could see an adder.

Vanquished Creatures
  A dart slug (D:1)
  2 orcs (D:1)
  2 goblins (D:1)
  2 hobgoblins (D:1)
  A kobold (D:1)
  2 bats (D:1)
  A frilled lizard (D:1)
  2 rats
13 creatures vanquished.

Notes
Turn   | Place    | Note
-------+----------+-------------------------------------------
     0 | D:1      | Chiseanne the Mummy Wanderer began the quest for the Orb.
     0 | D:1      | Chiseanne set off with the following items: a +0 club, a
                  | scroll of teleportation, a +0 robe; and the following
                  | spells available to memorise: Corona, Flame Tongue,
                  | Ensorcelled Hibernation, Confuse, Tukima's Dance, Dazzling
                  | Spray, Ignite Poison
     0 | D:1      | Reached XP level 1. HP: 18/18 MP: 1/1
   501 | D:1      | Reached skill level 1 in Spellcasting
   501 | D:1      | Reached XP level 2. HP: 23/24 MP: 3/3
   560 | D:1      | Learned a level 1 spell: Flame Tongue
  1225 | D:2      | Slain by an adder

Levels and vault maps discovered:
D:1:      lightli_arrival_statue_moat, layout_basic
D:2:      cheibrodos_old_hovel, layout_rooms, gammafunk_temple_overflow_statue,
          lemuel_doored_altar, old_standard_altar, overflow_temple_1_default,
          hangedman_decor_slide_cut, grunt_ministairs_8, uniq_robin

Skill      XL: |  1 |
---------------+----+-----
Spellcasting   | 1 |  1.2
Fighting       | |  3.2
Throwing       | |  1.0
Dodging        | |  1.3
Unarmed Combat | |  1.0
Conjurations   | |  0.1
Hexes          | |  1.7
Translocations | |  1.0
Fire Magic     | |  0.1
Evocations     | |  1.0

Action                   || total
-------------------------++-------
Melee: Club              ||    62
 Cast: Flame Tongue      ||     3
  Use: Scroll            ||     1
 Stab: Sleeping          ||     1
Armor: Robe              ||    18
Dodge: Dodged            ||    67
